 Dungeon Crawl Stone Soup version 0.28-a0-655-g4eb62b627b (webtiles) character file.

Game seed: 4934581190168828584

18 cheechan the Magician (level 2, 0/17 HPs)
             Began as an Octopode Hedge Wizard on Oct 12, 2021.
             Slain by a quokka (4 damage)
             ... on level 1 of the Dungeon.
             The game lasted 00:01:20 (339 turns).

cheechan the Magician (Octopode Hedge Wizard)        Turns: 339, Time: 00:01:21

Health: 0/17       AC:  1    Str:  9    XL:     2   Next: 70%
Magic:  6/6        EV: 13    Int: 16    God:
Gold:   17         SH:  0    Dex: 11    Spells: 7/8 levels left

rFire   . . .      SeeInvis .   a - +0 dagger
rCold   . . .      Faith    .   (no shield)
rNeg    . . .      Spirit   .   b - +0 hat
rPois   .          Reflect  .   (no amulet)
rElec   .          Harm     .   (no ring)
rCorr   .          Rampage  .   (no ring)
Will    .....                   (no ring)
Stlth   +++.......              (no ring)
HPRegen 0.05/turn               (no ring)
MPRegen 0.10/turn               (no ring)
                                (no ring)
                                (no ring)

@: no status effects
A: almost no armour, amphibious, 8 rings, camouflage 1, gelatinous body 1,
(nimble swimmer 1), tentacles
a: no special abilities


You were on level 1 of the Dungeon.
You visited 1 branch of the dungeon, and saw 1 of its levels.

You collected 17 gold pieces.

Inventory:

Hand Weapons
 a - a +0 dagger (weapon)
 d - a +0 whip
Armour
 b - a +0 hat (worn)
Scrolls
 c - a scroll of teleportation {unknown}
Potions
 e - a potion of heal wounds {unknown}


   Skills:
 + Level 2.1 Dodging
 + Level 2.9 Stealth
 + Level 3.6 Spellcasting
 + Level 1.0 Conjurations
 + Level 1.0 Summonings
 + Level 1.0 Translocations


You had 7 spell levels left.
You knew the following spells:

 Your Spells              Type           Power      Damage    Failure   Level
a - Magic Dart            Conj           24%        1d4       12%         1

Your spell library contained the following spells:

 Spells                   Type           Power      Damage    Failure   Level
 Blink                    Tloc           N/A        N/A       17%         2
 Call Imp                 Summ           6%         N/A       17%         2
 Slow                     Hex            2%         N/A       26%         2
 Conjure Flame            Conj/Fire      4%         6-21      41%         3
 Mephitic Cloud           Conj/Pois/Air  3%         N/A       43%         3


Dungeon Overview and Level Annotations

Branches:
Dungeon (1/15)

Altars:


Innate Abilities, Weirdness & Mutations

You cannot wear most types of armour.
You are amphibious.
You can wear up to eight rings at the same time.
Your skin changes colour to match your surroundings (Stealth+).
Your rubbery body absorbs attacks. (AC +1, EV +1)
((You are camouflaged near water. (Stealth+)))
You have tentacles for arms and can constrict up to eight enemies at once.


Message History

You hit the quokka but do no damage. You squeeze the quokka.
You kill the quokka!
You completely miss the frilled lizard. Your grab misses the frilled lizard.
The frilled lizard barely misses you.
You barely miss the frilled lizard. You grab the frilled lizard.
You constrict the frilled lizard.
You kill the frilled lizard!
A goblin comes into view. It is wielding a +0 club.
Things that are here:
a frilled lizard corpse; a quokka corpse The goblin shouts!
You closely miss the goblin. You grab the goblin. You constrict the goblin.
The goblin hits you with a +0 club.
You hit the goblin.
You kill the goblin!
Things that are here:
a +0 club; a goblin corpse
Found 13 gold pieces.
A quokka comes into view.
Found 13 gold pieces.
You see here 13 gold pieces.
You now have 17 gold pieces (gained 13).
The quokka closely misses you.
You barely miss the quokka. Your grab misses the quokka.
The quokka closely misses you.
You miss the quokka. Your grab misses the quokka.
Your squeeze misses the quokka. The quokka bites you.
You miss the quokka. You grab the quokka. You squeeze the quokka.
The quokka is severely wounded.
You constrict the quokka. The quokka bites you.
You hit the quokka but do no damage.
The quokka is almost dead.
You constrict the quokka, but do no damage.
The quokka bites you.
* * * LOW HITPOINT WARNING * * *
You hit the quokka but do no damage.
The quokka is almost dead.
You constrict the quokka, but do no damage.
The quokka bites you.
You die...

........# #..)#.####..#
........####...#........
.....##........####.....
........................
######........#####.....
#..................
#........####..####
#.r.....#..#... #
#.@............ #
#......##..#. #......#
..# #......# ###
#......# #.. #......#
#.# ####+#.# .$


You could see a quokka.

Vanquished Creatures
  A gnoll (D:1)
  A dart slug (D:1)
  2 giant cockroaches (D:1)
  A goblin (D:1)
  A quokka (D:1)
  A frilled lizard (D:1)
7 creatures vanquished.

Notes
Turn   | Place    | Note
-------+----------+-------------------------------------------
     0 | D:1      | cheechan the Octopode Hedge Wizard began the quest for the
                  | Orb.
     0 | D:1      | Reached XP level 1. HP: 11/11 MP: 4/4
    50 | D:1      | Reached XP level 2. HP: 10/17 MP: 0/6
   339 | D:1      | Slain by a quokka

Illustrated notes

Levels and vault maps discovered:
D:1:      lightli_arrival_statue_moat, layout_basic,
          shapermc_ecumenical_altar_starsandcircs

Action                   || total
-------------------------++-------
Melee: Dagger            ||    23
       Constrict         ||     8
       Tentacles         ||     4
 Cast: Magic Dart        ||     5
Armor: Skin              ||     1
Dodge: Dodged            ||    11

Table legend: (Time is in decaauts)
 A = Elapsed time spent in this place.
 B = Non-inter-level travel time spent in this place.
 C = Inter-level travel time spent in this place.
 D = Time resting spent in this place.
 E = Time spent auto-exploring this place.
 F = Levels seen in this place.
 G = Mean time per level.
                   A        B        C        D        E       F      G
               +--------+--------+--------+--------+--------+-----+--------+
         Total |    339 |    339 |      0 |    206 |      0 |   1 |  339.0 |
       Dungeon |    339 |    339 |      0 |    206 |      0 |   1 |  339.0 |
               +--------+--------+--------+--------+--------+-----+--------+

Top non-repeatable levels by time:
     D:1: 339 daAuts
